 Dungeon Crawl Stone Soup version 0.30.1-4-g462c640d31 (webtiles) character file.

Game seed: 6892087234066435390

72 Logoto the Firebug (level 4, -3/34 HPs)
             Began as a Draconian Fire Elementalist on Aug 17, 2023.
             Killed from afar by Natasha (10 damage)
             ... with a bolt of dispelling energy
             ... on level 2 of the Dungeon.
             The game lasted 00:05:11 (1000 turns).

Logoto the Firebug (Draconian Fire Elementalist)    Turns: 1000, Time: 00:05:14

Health: -3/34      AC:  5    Str: 12    XL:     4   Next: 7%
Magic:  4/7        EV: 12    Int: 16    God:
Gold:   63         SH:  0    Dex: 11    Spells: 3/7 levels left

rFire   . . .        e - +0 spear
rCold   . . .        (no shield)
rNeg    . . .        (body armour unavailable)
rPois   .            (helmet restricted)
rElec   .            (no cloak)
rCorr   .            (no gloves)
SInv    .            (no boots)
Will    .....        (no amulet)
Stlth   ++           (no ring)
HPRegen 0.25/turn    (no ring)
MPRegen 0.10/turn

%: no passive effects
@: very slightly contaminated
A: AC +5, unfitting armour, cold-blooded
a: no special abilities


You were on level 2 of the Dungeon.
You visited 1 branch of the dungeon, and saw 2 of its levels.

You collected 63 gold pieces.

Inventory:

Hand Weapons
 e - a +0 spear (weapon)
Scrolls
 b - a scroll of enchant armour {unknown}
 c - a scroll of identify
 g - a scroll of enchant weapon {unknown}
 h - 3 scrolls of fog {unknown}
 k - a scroll of acquirement {unknown}
 m - a scroll of vulnerability {unknown}
Potions
 a - a potion of magic
 d - 3 potions of heal wounds
 f - 2 potions of curing
 i - a potion of mutation {unknown}
 j - a potion of might {unknown}
 l - a potion of berserk rage {unknown}


   Skills:
 + Level 0.3 Fighting
 + Level 1.2 Polearms
 + Level 2.0 Dodging
 + Level 2.0 Stealth
 + Level 2.4 Spellcasting
 + Level 1.4 Conjurations
 + Level 3.8 Fire Magic


You had 3 spell levels left.
You knew the following spells:

 Your Spells              Type           Power      Damage    Failure   Level
a - Foxfire               Conj/Fire      40%        2x1d6     7%          1
b - Scorch                Fire           28%        2d6       6%          2
c - Slow                  Hex            4%         N/A       21%         1

Your spell library contained the following spells:

 Spells                   Type           Power      Damage    Failure   Level
 Inner Flame              Hex/Fire       8%         N/A       26%         3
 Volatile Blastmotes      Fire/Tloc      16%        2d11      26%         3
 Confusing Touch          Hex            1%         N/A       52%         3
 Vampiric Draining        Necr           1%         2d6       52%         3
 Flame Wave               Conj/Fire      10%        2d6       56%         4


Dungeon Overview and Level Annotations

Branches:
Dungeon (2/15)

Altars:

Shops:
D:1 (

Annotations:
D:2 Natasha


Innate Abilities, Weirdness & Mutations

Your plain brown scales are hard. (AC +5)
You cannot fit into any form of body armour.
You are cold-blooded and may be slowed by cold attacks.


Message History

Magic restored.
Found a robe.
A ball python comes into view.
The ball python hisses angrily.
The ball python misses you. The ball python grabs you.
The ball python constricts you.
You hit the ball python.
You kill the ball python!
You see here a book of Debilitation.
You see here a book of Debilitation.
You pick up a book of Debilitation and begin reading...
Unfortunately, you learned nothing new.
There is a stone staircase leading down here.
Natasha, Servant of Life and Death comes into view.
She is carrying a wand of quicksilver (10).
Found a scroll labelled DOLEMA AHISCH.
Press: ? - help, v - describe, . - travel A granite statue.
Natasha hisses angrily.
Casting: Foxfire (safe; 7% risk of failure)
Confirm with . or Enter, or press ? or * to list all spells.
You conjure some foxfire!
The foxfire hits Natasha.
Natasha is moderately wounded.
Casting: Foxfire (safe; 7% risk of failure)
Confirm with . or Enter, or press ? or * to list all spells.
You conjure some foxfire!
Natasha zaps a wand.
The bolt of dispelling energy hits your foxfire!
The bolt of dispelling energy hits you!
The foxfire hits Natasha.
Natasha is heavily wounded.
Natasha zaps a wand.
The bolt of dispelling energy hits you!
* * * LOW HITPOINT WARNING * * *
Natasha mumbles some strange words.
Casting: Foxfire (safe; 7% risk of failure)
Confirm with . or Enter, or press ? or * to list all spells.
You miscast Foxfire.
You are very lightly contaminated with residual magic.
Nothing appears to happen.
Natasha zaps a wand.
The bolt of dispelling energy hits you!
You die...

...............#
#.#§#..##
........[......#
##..[#....
.............#
#..#...##. ...#..h...##
##..#.#####
######..#.....# #.....#
...........##.###....##
...?8.v#...##..##..†##
########....##.#...##
### ..# ##..@........#
#.. #...#............#
#..# #............#.#
#.
#.....>......#.####.#
#...................#
..................#####
###.........>....###
................>.#
####...............#


You could see Natasha.

Vanquished Creatures
  Natasha (D:2)
  2 dart slugs (D:1)
  5 ball pythons
  3 bats (D:1)
  7 endoplasms
  3 giant cockroaches (D:1)
  A goblin (D:1)
  3 hobgoblins (D:1)
  4 jackals (D:1)
  4 kobolds (D:1)
  A quokka (D:1)
  3 rats (D:1)
37 creatures vanquished.

Vanquished Creatures (others)
  43 foxfires
43 creatures vanquished.

Grand Total: 80 creatures vanquished

Notes
Turn   | Place    | Note
-------+----------+-------------------------------------------
     0 | D:1      | Logoto the Draconian Fire Elementalist began the quest for
                  | the Orb.
     0 | D:1      | Reached XP level 1. HP: 14/14 MP: 3/3
   138 | D:1      | Reached XP level 2. HP: 20/20 MP: 1/5
   156 | D:1      | Learned a level 2 spell: Scorch
   192 | D:1      | Learned a level 1 spell: Slow
   345 | D:1      | Reached XP level 3. HP: 24/26 MP: 0/6
   425 | D:1      | Found Ibuopt's Antique Weapon Emporium.
   747 | D:1      | Reached skill level 1 in Polearms
   860 | D:2      | Noticed Natasha
   873 | D:2      | Killed Natasha
   874 | D:2      | Reached XP level 4. HP: 14/33 MP: 1/7
   992 | D:2      | Noticed Natasha
  1000 | D:2      | Killed from afar by Natasha

Illustrated notes

Levels and vault maps discovered:
D:1:      moated_graveyard_arrival, layout_rooms, serial_shops,
          nicolae_shop_statue_plus, minmay_pentomino_p4
D:2:      layout_rooms, chequers_decorated_corner, uniq_sigmund, uniq_natasha

Skill      XL: |  1  2  3 |
---------------+----------+-----
Stealth        | 2 |  2.0
Polearms       | 1 |  1.2
Dodging        | 2 |  2.0
Fighting       | |  0.3
Spellcasting   | |  2.4
Conjurations   | |  1.4
Fire Magic     | |  3.8

Action                     |  1- 3 |  4- 6 || total
---------------------------+-------+-------++-------
  Melee: Spear             |    80 |     3 ||    83
         Tailslap          |    12 |     1 ||    13
   Cast: Foxfire           |    23 |     6 ||    29
         Scorch            |     6 |       ||     6
    Use: Scroll            |     2 |       ||     2
 Armour: Skin              |    36 |       ||    36
  Dodge: Dodged            |    65 |     1 ||    66
